 Dungeon Crawl Stone Soup version 0.29.0-7-g18a832c13a (webtiles) character file.

Game seed: 9077969595802932437

171 sanka the Ruffian (level 5, -2/50 HPs)
             Began as a Troll Cinder Acolyte on Aug 30, 2022.
             Was a High Priest of Ignis.
             Slain by a gnoll
             ... wielding a +0 spear
              (5 damage)
             ... on level 3 of the Dungeon.
             The game lasted 00:02:14 (1731 turns).

sanka the Ruffian (Troll Cinder Acolyte)            Turns: 1731, Time: 00:02:14

Health: -2/50      AC:  4    Str: 22    XL:     5   Next: 26%
Magic:  5/5        EV:  9    Int: 10    God:    Ignis [*****.]
Gold:   110        SH:  0    Dex:  7    Spells: 6/6 levels left

rFire   + . .      SeeInvis .     - Unarmed
rCold   . . .      Faith    .   (no shield)
rNeg    . . .      Spirit   .   a - +0 robe
rPois   .          Reflect  .   (helmet restricted)
rElec   .          Harm     .   (no cloak)
rCorr   .          Rampage  .   (gloves unavailable)
Will    .....                   (boots unavailable)
Stlth   +.........              (no amulet)
HPRegen 0.96/turn               (no ring)
MPRegen 0.09/turn               (no ring)

@: lethally poisoned (-2 -> -6), attractive
A: large, unfitting armour, claws 3, regeneration 1, shaggy fur 1, tough skin 1
a: Renounce Religion, Fiery Armour, Foxfire Swarm, Rising Flame


You were on level 3 of the Dungeon.
You worshipped Ignis.
Ignis was extremely pleased with you.
You visited 1 branch of the dungeon, and saw 3 of its levels.

You collected 110 gold pieces.


Innate Abilities, Weirdness & Mutations

You are too large for most types of armour.
You have claws for hands.
Your natural rate of healing is unusually fast.
You are covered in fur. (AC +1)
You have tough skin. (AC +1)


   Skills:
 - Level 2.4 Fighting
 + Level 6.0 Unarmed Combat
 - Level 1.0 Spellcasting
 - Level 2.1 Fire Magic


You had 6 spell levels left.
You didn't know any spells.
Your spell library contained the following spells:

 Spells                   Type           Power      Damage    Failure   Level
 Scorch                   Fire           8%         2d5       22%         2
 Summon Small Mammal      Summ           0%         N/A       34%         1
 Call Canine Familiar     Summ           0%         N/A       71%         3
 Summon Guardian Golem    Hex/Summ       0%         N/A       71%         3
 Tukima's Dance           Hex            0%         N/A       71%         3
 Passage of Golubria      Tloc           0%         N/A       98%         4
 Yara's Violent Unravell  Hex/Tmut       0%         3d3       100%        5

Inventory:

Missiles
 p - 2 curare-tipped darts {=f}
Armour
 a - a +0 robe (worn)
Magical Staves
 l - a staff of fire
Scrolls
 b - a scroll of blinking {unknown}
 d - 4 scrolls of identify {unknown}
 g - 2 scrolls of poison {unknown}
 h - a scroll of silence {unknown}
 j - 2 scrolls of vulnerability {unknown}
 k - a scroll of fear {unknown}
 n - a scroll of teleportation {unknown}
 o - a scroll of magic mapping {unknown}
Potions
 c - 2 potions of degeneration {unknown}
 e - a potion of magic {unknown}
 f - a potion of attraction {!q}
 i - 2 potions of curing {unknown}
 m - a potion of brilliance {unknown}
 q - a potion of heal wounds {unknown}

Dungeon Overview and Level Annotations

Branches:
Dungeon (3/15)

Altars:
Qazlal
Yredelemnul

Shops:
D:3

[
▒▒...▒▒.▒▒▒▒▒▒▒▒...▒▒▒▒........
▒▒ ▒▒▒.▒▒▒▒▒▒▒▒..▒▒ ▒▒▒......<
▒▒▒▒▒.......▒▒.▒.▒▒ ▒.........
▒...▒.▒.▒▒▒.▒....▒ ▒.▒▒▒...▒.
▒.g.g...▒ ▒..)...▒ ▒.▒ ▒▒+▒▒.
▒...▒.▒▒▒ ▒.▒gg.▒▒ ▒.▒ ▒▒.▒▒.
▒▒.▒▒.▒▒▒▒▒g▒▒g▒▒ ▒.▒ ▒.....
▒g▒▒.ggg.g.▒▒g▒ ▒.▒ ▒..▒▒.
▒.▒▒▒▒▒▒▒▒▒▒▒T▒ ▒.▒▒▒...▒. ▒g▒
▒.▒ ▒.▒▒...... ▒r▒ ▒▒.▒▒
▒......... ▒▒▒▒g▒
▒▒...▒▒▒▒▒▒▒▒▒▒..▒▒▒ gg.g.▒
▒................▒ ▒▒▒▒▒▒
▒▒...▒▒▒▒▒▒▒▒▒▒▒.▒ ▒▒.▒▒ ▒.▒
▒▒▒ ▒.▒ ▒▒▒▒▒▒▒▒.▒


You could see 4 gnolls.


Message History

You kill the gnoll!
Your Unarmed Combat skill increases to level 6!
You closely miss the gnoll.
The gnoll hits you with a +2 whip of venom!
You are poisoned.
You scratch the gnoll.
The gnoll is heavily wounded.
You feel very sick. The gnoll hits you with a +0 club.
* * * LOW HITPOINT WARNING * * *
The gnoll hits you from afar with a +0 spear.
* * * LOW HITPOINT WARNING * * *
The gnoll hits you with a +2 whip of venom.
* * * LOW HITPOINT WARNING * * *
You are lethally poisoned!
The gnoll attacks as you move away! The gnoll completely misses you.
* * * LOW HITPOINT WARNING * * *
You feel very sick.
* * * LOW HITPOINT WARNING * * *
You feel very sick.
* * * LOW HITPOINT WARNING * * *
You feel very sick.
It was a potion of attraction.
You feel attractive to monsters.
* * * LOW HITPOINT WARNING * * *
You feel very sick. The gnoll hits you but does no damage.
The gnoll hits you from afar with a +0 spear.
You die...

Action                   |  1- 3 |  4- 6 || total
-------------------------+-------+-------++-------
Melee: Unarmed           |    73 |    42 ||   115
       Punch             |     1 |     1 ||     2
  Use: Potion            |       |     1 ||     1
Armor: Robe              |    27 |     7 ||    34
Dodge: Dodged            |    36 |    23 ||    59

Levels and vault maps discovered:
D:1:      nicolae_arrival_washed_ashore, layout_basic,
          dilly_ecumenical_altar_fadedgnrine
D:2:      layout_loops_cross, basic_altar
D:3:      layout_loops_corners, marbit_many_paths, serial_shops, shop,
          pf_guarded_unrand_woodcutter, uniq_jessica

Notes
Turn   | Place    | Note
-------+----------+-------------------------------------------
     0 | D:1      | sanka the Troll Cinder Acolyte began the quest for the Orb.
     0 | D:1      | Reached XP level 1. HP: 22/22 MP: 1/1
    51 | D:1      | Reached XP level 2. HP: 19/29 MP: 2/2
   338 | D:1      | Found a faded altar of an unknown god.
   381 | D:1      | Reached skill level 4 in Unarmed Combat
   703 | D:2      | Reached XP level 3. HP: 32/36 MP: 3/3
   835 | D:2      | Found a basalt altar of Yredelemnul.
  1279 | D:3      | Found Ehotag's Armour Emporium.
  1478 | D:3      | Noticed Jessica
  1479 | D:3      | Killed Jessica
  1480 | D:3      | Reached skill level 5 in Unarmed Combat
  1480 | D:3      | Reached XP level 4. HP: 44/44 MP: 4/4
  1578 | D:3      | Found a stormy altar of Qazlal.
  1660 | D:3      | Noticed a gnoll sergeant
  1710 | D:3      | Killed a gnoll sergeant
  1711 | D:3      | Reached XP level 5. HP: 24/50 MP: 5/5
  1726 | D:3      | Reached skill level 6 in Unarmed Combat
  1730 | D:3      | HP: 5/50 [poisoned by a gnoll]
  1731 | D:3      | Slain by a gnoll

Vanquished Creatures
  A gnoll sergeant (D:3)
  Jessica (D:3)
  3 gnolls
  2 adders (D:3)
  A worm (D:2)
  2 dart slugs
  2 orcs (D:3)
  5 bats
  3 endoplasms (D:1)
  A giant cockroach (D:1)
  A goblin (D:3)
  A hobgoblin (D:1)
  2 jackals (D:3)
  A quokka (D:2)
  2 ball pythons (D:3)
  4 frilled lizards
  5 kobolds
  4 rats
41 creatures vanquished.
